General information
- name: BNet
- type: Ladder team game (AT/RT)
- host: Battle.net
- saver: GogMagog
map: Deathknell
- players: 8
- length: 31:18
- speed: Fast
- version: 1.26 W3XP
- replay type: Public
» download(240 KB)
Players
team 1 (loser)
Lane06 (
pink | 59 APM | 1832 actions | 31:16)
6 Lich
3 Frost Nova
3 Dark Ritual
2 Death Knight
1 Death Coil
1 Unholy Aura
» actions
| Assign group hotkey | 15 | |
| Basic commands | 11 | |
| Build / train | 64 | |
| ESC pressed | 4 | |
| Enter build submenu | 17 | |
| Enter hero's abilities submenu | 9 | |
| Give item / drop item | 3 | |
| Right click | 1086 | |
| Select / deselect | 459 | |
| Select group hotkey | 14 | |
| Use ability | 150 | |
1832 total
» units
| Acolyte | 8 | |
| Ghoul | 8 | |
| Crypt Fiend | 7 | |
| Necromancer | 11 | |
| Troll Batrider | 1 | |
| Wind Rider | 1 | |
36 total
» upgrades
| Unholy Strength | 3 | |
| Creature Attack | 1 | |
| Creature Carapace | 1 | |
| Web | 1 | |
| Necromancer Training | 2 | |
| Skeletal Mastery | 1 | |
| Unholy Armor | 1 | |
10 total
» buildings
| Crypt | 2 | |
| Altar of Darkness | 1 | |
| Ziggurat | 6 | |
| Graveyard | 1 | |
| Tomb of Relics | 1 | |
| Halls of the Dead | 1 | |
| Temple of the Damned | 2 | |
| Black Citadel | 1 | |
| Necropolis | 1 | |
16 total
» build order
00:21 Crypt
00:23 Altar of Darkness
00:42 Ziggurat
00:54 Crypt
01:11 Graveyard
01:38 Ziggurat
02:58 Tomb of Relics
03:17 Ziggurat
04:16 Halls of the Dead
07:20 Temple of the Damned
07:22 Temple of the Damned
07:58 Ziggurat
07:59 Ziggurat
08:12 Ziggurat
09:39 Black Citadel
29:32 Necropolis
» items
| Rod of Necromancy | 1 | |
| Scroll of Town Portal | 4 | |
| Potion of Healing | 1 | |
6 total
Voldemort_101 (
blue | 44 APM | 1283 actions | 29:06)
7 Blademaster
3 Critical Strike
3 Wind Walk
1 Bladestorm
» actions
| Assign group hotkey | 17 | |
| Basic commands | 44 | |
| Build / train | 67 | |
| Enter build submenu | 18 | |
| Enter hero's abilities submenu | 7 | |
| Right click | 596 | |
| Select / deselect | 315 | |
| Select group hotkey | 118 | |
| Use ability | 100 | |
1283 total
» units
| Peon | 17 | |
| Grunt | 4 | |
| Shaman | 8 | |
| Tauren | 7 | |
36 total
» upgrades
| Melee Weapons | 3 | |
| Shaman Training | 2 | |
| Pulverize | 1 | |
| Armor | 3 | |
9 total
» buildings
| Altar of Storms | 1 | |
| Orc Burrow | 7 | |
| Barracks | 1 | |
| Voodoo Lounge | 1 | |
| Stronghold | 1 | |
| Great Hall | 1 | |
| War Mill | 1 | |
| Spirit Lodge | 1 | |
| Fortress | 1 | |
| Tauren Totem | 2 | |
| Watch Tower | 8 | |
25 total
» build order
00:09 Altar of Storms
00:14 Orc Burrow
00:34 Barracks
01:35 Orc Burrow
02:10 Voodoo Lounge
03:30 Orc Burrow
03:52 Stronghold
04:39 Great Hall
04:55 War Mill
06:15 Spirit Lodge
06:17 Fortress
07:05 Orc Burrow
08:58 Tauren Totem
08:59 Tauren Totem
11:14 Orc Burrow
13:06 Orc Burrow
13:06 Orc Burrow
16:45 Watch Tower
16:45 Watch Tower
16:46 Watch Tower
28:46 Watch Tower
28:50 Watch Tower
28:51 Watch Tower
28:51 Watch Tower
» items
| Healing Salve | 8 | |
| Scroll of Town Portal | 3 | |
| Orb of Lightning | 1 | |
12 total
Mister_Dirty (
green | 44 APM | 1270 actions | 28:43)
5 Blademaster
1 Wind Walk
3 Critical Strike
1 Mirror Image
» actions
| Assign group hotkey | 19 | |
| Basic commands | 64 | |
| Build / train | 59 | |
| ESC pressed | 3 | |
| Enter build submenu | 28 | |
| Enter hero's abilities submenu | 5 | |
| Right click | 607 | |
| Select / deselect | 227 | |
| Select group hotkey | 156 | |
| Use ability | 102 | |
1270 total
» units
| Peon | 16 | |
| Raider | 18 | |
| Troll Batrider | 1 | |
35 total
» upgrades
| Armor | 2 | |
| Melee Weapons | 2 | |
| Spiked Barricades | 1 | |
| Ensnare | 1 | |
6 total
» buildings
| Altar of Storms | 1 | |
| Orc Burrow | 4 | |
| War Mill | 1 | |
| Voodoo Lounge | 1 | |
| Stronghold | 1 | |
| Watch Tower | 19 | |
| Beastiary | 2 | |
| Fortress | 1 | |
| Great Hall | 5 | |
35 total
» build order
00:12 Altar of Storms
00:18 Orc Burrow
01:02 War Mill
01:51 Voodoo Lounge
02:21 Stronghold
02:32 Watch Tower
02:49 Watch Tower
03:22 Orc Burrow
04:24 Watch Tower
04:54 Beastiary
05:05 Beastiary
05:19 Fortress
07:09 Orc Burrow
07:23 Orc Burrow
08:34 Great Hall
09:04 Watch Tower
09:06 Watch Tower
09:07 Watch Tower
09:08 Watch Tower
12:40 Great Hall
14:12 Watch Tower
14:33 Watch Tower
14:34 Watch Tower
14:36 Watch Tower
14:40 Great Hall
19:17 Great Hall
19:20 Watch Tower
19:23 Watch Tower
19:26 Watch Tower
20:29 Watch Tower
21:40 Great Hall
21:48 Watch Tower
21:49 Watch Tower
21:51 Watch Tower
21:53 Watch Tower
» items
| Lesser Clarity Potion | 3 | |
| Healing Salve | 2 | |
| Scroll of Speed | 1 | |
| Potion of Healing | 2 | |
| Orb of Lightning | 1 | |
| Scroll of Town Portal | 1 | |
10 total

»
new_nAME123 (
yellow | 44 APM | 1261 actions | 28:25)
6 Death Knight
2 Death Coil
3 Unholy Aura
1 Animate Dead
3 Crypt Lord
2 Impale
1 Spiked Carapace
» actions
| Assign group hotkey | 1 | |
| Build / train | 84 | |
| Enter build submenu | 29 | |
| Enter hero's abilities submenu | 9 | |
| Give item / drop item | 3 | |
| Remove unit from queue | 2 | |
| Right click | 673 | |
| Select / deselect | 384 | |
| Use ability | 76 | |
1261 total
» units
| Acolyte | 16 | |
| Ghoul | 9 | |
| Crypt Fiend | 11 | |
| Frost Wyrm | 16 | |
52 total
» upgrades
| Web | 1 | |
| Creature Attack | 3 | |
| Creature Carapace | 2 | |
| Freezing Breath | 1 | |
7 total
» buildings
| Altar of Darkness | 1 | |
| Ziggurat | 8 | |
| Crypt | 3 | |
| Graveyard | 1 | |
| Tomb of Relics | 1 | |
| Halls of the Dead | 1 | |
| Necropolis | 1 | |
| Black Citadel | 1 | |
| Sacrificial Pit | 1 | |
| Spirit Tower | 1 | |
| Nerubian Tower | 3 | |
| Boneyard | 4 | |
26 total
» build order
00:14 Altar of Darkness
00:15 Ziggurat
00:41 Crypt
01:24 Graveyard
01:29 Tomb of Relics
01:37 Ziggurat
02:53 Crypt
02:55 Ziggurat
03:10 Crypt
04:23 Halls of the Dead
04:47 Ziggurat
06:35 Necropolis
07:55 Black Citadel
08:29 Sacrificial Pit
08:55 Spirit Tower
09:00 Nerubian Tower
09:01 Nerubian Tower
09:01 Nerubian Tower
12:04 Boneyard
12:08 Boneyard
12:09 Boneyard
12:12 Boneyard
12:38 Ziggurat
12:45 Ziggurat
13:08 Ziggurat
14:23 Ziggurat
» items
| Rod of Necromancy | 2 | |
| Sacrificial Skull | 1 | |
| Potion of Healing | 1 | |
| Orb of Corruption | 1 | |
| Scroll of Town Portal | 2 | |
7 total
team 2 (winner)

»
poopyj0e (
teal | 175 APM | 5484 actions | 31:17)
7 Demon Hunter
3 Mana Burn
3 Evasion
1 Metamorphosis
6 Keeper of the Grove
3 Entangling Roots
2 Thorns Aura
1 Tranquility
» actions
| Assign group hotkey | 44 | |
| Basic commands | 530 | |
| Build / train | 107 | |
| ESC pressed | 9 | |
| Enter build submenu | 13 | |
| Enter hero's abilities submenu | 13 | |
| Give item / drop item | 1 | |
| Right click | 1724 | |
| Select / deselect | 747 | |
| Select group hotkey | 2060 | |
| Use ability | 236 | |
5484 total
» units
| Wisp | 27 | |
| Archer | 3 | |
| Dryad | 10 | |
| Druid of the Claw | 10 | |
50 total
» upgrades
| Ultravision | 1 | |
| Druid of the Claw Training | 2 | |
| Abolish Magic | 1 | |
| Well Spring | 1 | |
| Mark of the Claw | 1 | |
| Strength of the Wild | 3 | |
| Reinforced Hides | 4 | |
| Nature's Blessing | 2 | |
| Backpack | 1 | |
16 total
» buildings
| Altar of Elders | 1 | |
| Moon Well | 6 | |
| Ancient of War | 1 | |
| Tree of Ages | 2 | |
| Hunter's Hall | 1 | |
| Ancient of Lore | 2 | |
| Tree of Eternity | 1 | |
| Tree of Life | 2 | |
| Ancient of Wonders | 1 | |
17 total
» build order
00:05 Altar of Elders
00:18 Moon Well
00:21 Ancient of War
01:55 Moon Well
02:49 Tree of Ages
02:50 Tree of Ages
02:57 Moon Well
03:45 Hunter's Hall
05:20 Ancient of Lore
05:23 Ancient of Lore
06:29 Tree of Eternity
06:52 Moon Well
06:53 Moon Well
06:54 Moon Well
07:59 Tree of Life
12:46 Ancient of Wonders
29:21 Tree of Life
» items
| Scroll of Speed | 1 | |
| Potion of Healing | 2 | |
| Scroll of Town Portal | 4 | |
| Orb of Venom | 1 | |
| Moonstone | 1 | |
| Anti-magic Potion | 2 | |
| Staff of Preservation | 1 | |
12 total
orcbuster1 (
purple | 36 APM | 1138 actions | 31:17)
5 Priestess of the Moon
2 Searing Arrows
3 Trueshot Aura
1 Keeper of the Grove
1 Thorns Aura
» actions
| Assign group hotkey | 31 | |
| Basic commands | 1 | |
| Build / train | 87 | |
| Enter build submenu | 22 | |
| Enter hero's abilities submenu | 6 | |
| Remove unit from queue | 1 | |
| Right click | 421 | |
| Select / deselect | 273 | |
| Select group hotkey | 255 | |
| Use ability | 41 | |
1138 total
» units
| Wisp | 24 | |
| Archer | 3 | |
| Huntress | 2 | |
| Hippogryph | 17 | |
| Chimaera | 22 | |
68 total
» upgrades
| Strength of the Wild | 3 | |
| Reinforced Hides | 3 | |
| Corrosive Breath | 1 | |
7 total
» buildings
| Moon Well | 7 | |
| Altar of Elders | 3 | |
| Ancient of War | 1 | |
| Tree of Ages | 2 | |
| Hunter's Hall | 1 | |
| Tree of Eternity | 1 | |
| Ancient of Wind | 4 | |
| Tree of Life | 2 | |
| Chimaera Roost | 2 | |
| Ancient of Wonders | 1 | |
| Ancient Protector | 1 | |
25 total
» build order
00:25 Moon Well
00:56 Altar of Elders
01:10 Ancient of War
01:32 Moon Well
02:28 Tree of Ages
03:30 Hunter's Hall
04:46 Moon Well
04:53 Tree of Eternity
05:01 Ancient of Wind
07:31 Tree of Life
07:44 Chimaera Roost
07:48 Chimaera Roost
08:03 Moon Well
09:13 Moon Well
12:06 Moon Well
13:06 Moon Well
14:49 Ancient of Wonders
17:01 Ancient of Wind
18:54 Altar of Elders
18:59 Ancient of Wind
19:31 Tree of Life
19:59 Ancient of Wind
25:51 Tree of Ages
27:25 Ancient Protector
28:51 Altar of Elders
TurdFurgason (
red | 45 APM | 1401 actions | 31:17)
5 Tauren Chieftain
2 War Stomp
3 Endurance Aura
4 Shadow Hunter
2 Healing Wave
2 Hex
4 Far Seer
2 Feral Spirit
2 Chain Lighting
» actions
| Basic commands | 2 | |
| Build / train | 103 | |
| Enter build submenu | 23 | |
| Enter hero's abilities submenu | 13 | |
| Give item / drop item | 4 | |
| Remove unit from queue | 2 | |
| Right click | 552 | |
| Select / deselect | 574 | |
| Use ability | 128 | |
1401 total
» units
| Peon | 20 | |
| Grunt | 5 | |
| Spirit Walker | 5 | |
| Tauren | 9 | |
| Troll Batrider | 11 | |
| Goblin Shredder | 1 | |
51 total
» upgrades
| Armor | 3 | |
| Spiked Barricades | 3 | |
| Melee Weapons | 2 | |
| Spirit Walker Training | 2 | |
| Pillage | 1 | |
| Reinforced Defenses | 1 | |
| Pulverize | 1 | |
| Liquid Fire | 1 | |
14 total
» buildings
| Orc Burrow | 7 | |
| Altar of Storms | 1 | |
| War Mill | 1 | |
| Barracks | 1 | |
| Voodoo Lounge | 1 | |
| Stronghold | 1 | |
| Great Hall | 2 | |
| Watch Tower | 3 | |
| Spirit Lodge | 1 | |
| Fortress | 1 | |
| Tauren Totem | 3 | |
| Beastiary | 1 | |
23 total
» build order
00:08 Orc Burrow
00:12 Altar of Storms
00:48 War Mill
01:58 Barracks
02:03 Orc Burrow
02:07 Voodoo Lounge
03:34 Orc Burrow
04:01 Stronghold
05:49 Great Hall
06:48 Watch Tower
07:08 Spirit Lodge
07:43 Orc Burrow
09:13 Fortress
10:55 Orc Burrow
11:37 Tauren Totem
11:40 Tauren Totem
11:46 Tauren Totem
12:44 Orc Burrow
18:14 Beastiary
25:47 Great Hall
29:24 Watch Tower
29:27 Watch Tower
29:31 Orc Burrow
» items
| Healing Salve | 3 | |
| Scroll of Speed | 2 | |
| Potion of Healing | 6 | |
| Lesser Clarity Potion | 1 | |
| Orb of Lightning | 1 | |
| Scroll of Town Portal | 4 | |
| Moonstone | 1 | |
18 total
GogMagog (
orange | 48 APM | 1516 actions | 31:18)
10 Blademaster
3 Wind Walk
3 Critical Strike
1 Bladestorm
3 Mirror Image
» actions
| Assign group hotkey | 27 | |
| Basic commands | 52 | |
| Build / train | 79 | |
| Enter build submenu | 42 | |
| Enter hero's abilities submenu | 10 | |
| Give item / drop item | 5 | |
| Right click | 671 | |
| Select / deselect | 318 | |
| Select group hotkey | 128 | |
| Use ability | 184 | |
1516 total
» units
| Peon | 10 | |
| Grunt | 5 | |
| Goblin Shredder | 1 | |
| Goblin Sapper | 14 | |
| Goblin Zeppelin | 2 | |
| Troll Batrider | 3 | |
35 total
» upgrades
| Ranged Weapons | 2 | |
| Armor | 2 | |
| Reinforced Defenses | 1 | |
| Troll Regeneration | 1 | |
| Liquid Fire | 1 | |
7 total
» buildings
| Orc Burrow | 4 | |
| Altar of Storms | 1 | |
| Barracks | 1 | |
| Voodoo Lounge | 3 | |
| War Mill | 1 | |
| Stronghold | 1 | |
| Watch Tower | 33 | |
| Beastiary | 3 | |
| Great Hall | 3 | |
| Fortress | 1 | |
51 total
» build order
00:26 Orc Burrow
01:08 Altar of Storms
01:10 Barracks
01:21 Orc Burrow
02:20 Voodoo Lounge
02:37 War Mill
03:36 Stronghold
04:38 Watch Tower
04:46 Watch Tower
04:51 Watch Tower
05:00 Watch Tower
06:08 Orc Burrow
08:08 Watch Tower
08:08 Watch Tower
08:09 Watch Tower
08:10 Watch Tower
08:13 Watch Tower
08:22 Orc Burrow
08:49 Beastiary
10:34 Beastiary
10:34 Beastiary
10:58 Great Hall
11:00 Watch Tower
11:00 Watch Tower
11:01 Watch Tower
11:03 Watch Tower
15:23 Fortress
22:11 Watch Tower
22:12 Watch Tower
22:12 Watch Tower
22:12 Watch Tower
22:13 Watch Tower
23:18 Great Hall
23:23 Watch Tower
23:23 Watch Tower
23:24 Watch Tower
23:24 Watch Tower
24:32 Watch Tower
24:33 Watch Tower
24:34 Watch Tower
26:41 Voodoo Lounge
28:48 Great Hall
28:51 Voodoo Lounge
30:29 Watch Tower
30:31 Watch Tower
30:31 Watch Tower
30:32 Watch Tower
30:33 Watch Tower
30:36 Watch Tower
30:37 Watch Tower
30:38 Watch Tower
» items
| Healing Salve | 7 | |
| Potion of Healing | 3 | |
| Potion of Mana | 3 | |
| Scroll of Town Portal | 6 | |
| Lesser Clarity Potion | 3 | |
| Orb of Lightning | 1 | |
| Anti-magic Potion | 1 | |
24 total
Chat log
(00:11 / Allies) poopyj0e: they were ud orc orc
(00:15 / Allies) poopyj0e: and a rand
(00:27 / Allies) TurdFurgason: wanna rush em
(00:30 / Allies) TurdFurgason: or expo
(00:37 / Allies) poopyj0e: on this map i wanna expo
(00:51 / Allies) poopyj0e: knowing it's 2 orc
(00:59 / Allies) poopyj0e: they're probably gonna do some no rax tech shit w/ mass towers anyways
(01:10 / Allies) TurdFurgason: so we should prob rush
(01:18 / Allies) poopyj0e: feel free, i ain't joinin' in
(01:24 / Allies) TurdFurgason: then we arnt rushing
(01:26 / Allies) TurdFurgason: nob
(01:33 / Allies) TurdFurgason: this is team
(01:35 / Allies) TurdFurgason: not solo
(01:42 / Allies) poopyj0e: tell me something i don't know
(01:52 / Allies) TurdFurgason: how to play with a team
(01:52 / Allies) GogMagog: Don't do what I want? You're selfish!
(02:09 / Allies) poopyj0e: double crypt
(02:12 / Allies) poopyj0e: ghouls
(02:44 / Allies) TurdFurgason: units
(03:19 / All) GogMagog: fucking noobie
(03:21 / Allies) poopyj0e: yep bm harass
(03:29 / Allies) poopyj0e: told ya no rax tech would be coming from one of the orcs
(03:44 / All) GogMagog: level 1 harass
(04:03 / Allies) poopyj0e: pink's expanding
(05:18 / All) GogMagog: level 1 bm harass true mark of the noob
(05:30 / All) Voldemort_101: talking shit true mark of the noob
(05:43 / All) GogMagog: 10 points from gryfindor!
(05:43 / All) poopyj0e: or om]voices dohohohoho
(05:57 / All) Voldemort_101: lol what teal
(06:01 / All) poopyj0e: ;)
(06:01 / Allies) GogMagog: lumber
(06:02 / Allies) GogMagog: lumber
(06:03 / Allies) GogMagog: lumber
(07:11 / Allies) poopyj0e: pull creeps man
(08:26 / Allies) TurdFurgason: units?
(10:20 / Allies) poopyj0e: could use some halp
(10:27 / Allies) poopyj0e: if one of u could tp
(11:17 / Allies) poopyj0e: sry purp that was my bad, i shoulda rejuv'd ur hero
(11:37 / Allies) orcbuster1: no worries
(12:59 / Allies) TurdFurgason: lumber?
(13:30 / All) GogMagog: rofl
(13:56 / All) GogMagog: Suck my dick Voldemort
(14:17 / Allies) TurdFurgason: can anyone pass me some lumber?
(14:24 / All) Voldemort_101: thought u weree good oj figured out u have mh :/
(14:26 / Allies) TurdFurgason: ty
(15:02 / Allies) poopyj0e: nice
(15:02 / All) GogMagog: lol
(15:26 / Allies) poopyj0e: tp?
(15:32 / Allies) poopyj0e: k tping
(15:58 / All) poopyj0e: feed us ur radiers
(15:59 / All) poopyj0e: don't tp out
(16:01 / All) poopyj0e: plz dont' tp out
(16:21 / All) GogMagog: lol
(16:55 / All) GogMagog: I don't even need to make units you guys are terrible
(17:11 / All) Voldemort_101: u dont need to make units cause of mh and were terrible?
(17:12 / Allies) poopyj0e: we could use some bats for thsoe wyrms tho
(17:14 / Allies) TurdFurgason: more dry, i got the mlee
(17:18 / All) GogMagog: mh LOL
(17:40 / Allies) poopyj0e: purp where ur ur hipps
(18:35 / All) poopyj0e: ty for feeding us wyrms
(18:41 / All) poopyj0e: and dk's
(18:51 / All) poopyj0e: and thatl ich
(20:10 / All) GogMagog: no expansion for you hahahahaha
(20:20 / Allies) poopyj0e: B
(20:20 / Allies) poopyj0e: BB
(20:21 / Allies) poopyj0e: B
(20:21 / Allies) poopyj0e: B
(20:22 / Allies) poopyj0e: B
(20:23 / Allies) poopyj0e: B
(20:54 / Allies) poopyj0e: b
(20:56 / Allies) poopyj0e: we're at a choke
(20:56 / Allies) poopyj0e: b
(21:07 / Allies) TurdFurgason: im out
(22:00 / All) GogMagog: Nice necropolis yellow
(22:04 / All) GogMagog: It's a shame I gotta destroy it
(22:36 / Allies) TurdFurgason: fuck yo unoobs
(24:51 / Allies) poopyj0e: pretty sure they're out of expansions and mined out
(25:02 / All) GogMagog: It looks like you're having trouble expanding Voldemort
(25:06 / All) GogMagog: Your magic is no good here
(25:15 / All) Voldemort_101: um no expo?
(25:18 / All) poopyj0e: give up analkin, i have the high ground!
(25:28 / All) Voldemort_101: whos analkin?
(25:43 / All) poopyj0e: motherfucker doesn't watch star battles :O
(25:49 / All) Voldemort_101: u mean anakin?
(25:53 / All) GogMagog: I have 2 expansions let me tell you it's nice to have gold
(25:56 / All) poopyj0e: it's spelled w/ an L
(25:59 / Allies) poopyj0e: oj can i get some gold
(26:01 / Allies) poopyj0e: por favor
(27:40 / Allies) GogMagog: he's gonna try to expand
(27:44 / Allies) GogMagog: LKOL
(27:57 / All) Lane06: lol u jus chase hero all day
(28:05 / All) Voldemort_101: go oj!
(28:42 / Allies) poopyj0e: lol
(28:46 / All) poopyj0e: gg
(28:57 / All) GogMagog: This is my base now
(29:01 / All) Voldemort_101: i woudl say gg but i lost to a hacker soo
(29:25 / Allies) GogMagog: Goblin lab is hacking now
(29:43 / Allies) poopyj0e: sry for atking ur chim there pupr
(29:44 / Allies) poopyj0e: was accident
(30:31 / Allies) poopyj0e: probably towered up as fuck